 Dungeon Crawl Stone Soup version 0.16-a0-4072-gc5a8185 (webtiles) character file.

196 vatarom the Skirmisher (level 5, -13/46 HPs)
             Began as a Demonspawn Chaos Knight on Feb 21, 2015.
             Mangled by an ogre
             ... wielding a +0 giant club
              (18 damage)
             ... on level 4 of the Dungeon.
             The game lasted 00:05:15 (2566 turns).

vatarom the Skirmisher (Demonspawn Chaos Knight)    Turns: 2566, Time: 00:05:16

Health: -13/46     AC:  7    Str: 13    XL:     5   Next: 45%
Magic:  5/5        EV: 10    Int: 13    God:    Xom [......]
Gold:   122        SH:  0    Dex: 13    Spells: 0 memorised, 4 levels left

rFire  . . .     SeeInvis .     a - +1 mace (chaos)
rCold  . . .     Clarity  .     c - +0 ring mail {rN+}
rNeg   + . .     SustAb   .     (no shield)
rPois  .         Gourm    .     (helmet restricted)
rElec  .         Spirit   .     (no cloak)
rCorr  .         Warding  .     (no gloves)
rMut   .         Stasis   .     (no boots)
MR     .....                    (no amulet)
Stlth  +.........               (no ring)
                                (no ring)

@: not resistant to hostile enchantments, very unstealthy
A: antennae 1, yellow scales 1
a: Renounce Religion


You were on level 4 of the Dungeon.
You worshipped Xom.
You were a very special plaything of Xom.
You were not hungry.

You visited 1 branch of the dungeon, and saw 4 of its levels.

You collected 122 gold pieces.

Inventory:

Hand weapons
 a - a +1 mace of chaos (weapon)
Armour
 c - a +0 ring mail of positive energy (worn)
Scrolls
 e - 2 scrolls of identify
 h - 3 scrolls of teleportation
Comestibles
 b - a bread ration
 g - 5 meat rations


   Skills:
 - Level 5.8 Fighting
 + Level 3.2 Maces & Flails
 - Level 1.8 Armour
 - Level 1.0 Dodging


You had 4 spell levels left.
You didn't know any spells.

Dungeon Overview and Level Annotations

Branches:
Dungeon (4/15)
 Temple: D:4-7

Altars:


Innate Abilities, Weirdness & Mutations

You have a pair of small antennae on your head.
You are partially covered in yellow scales (AC +2).


Message History

You are too injured to fight recklessly!
You are too injured to fight recklessly!
You are too injured to fight recklessly!
You barely miss the ogre. The ogre closely misses you.
You sock the ogre! You freeze the ogre.
The ogre is moderately wounded.
The ogre closely misses you.
You sock the ogre!
The ogre flickers and vanishes!
Deactivating autopickup; reactivate with Ctrl-A.
Something hits you!!
* * * LOW HITPOINT WARNING * * *
Read which item? (? for menu, Esc to quit)
Okay, then.
You aren't carrying any potions.
Unknown command.
A quokka comes into view.
The quokka barely misses you. Something hits you!!
You die...
Xom guffaws!

##########
#......†<##########
#.####..................
...?..$.................
#.......................#
#.####.....#...{r.......#
........#....@.#######
#.##...........#
#...............# #.
#.#..<....#.## .
..#.......#.#
........##.# ... #.# ..
#.# ..#


You could see a quokka.

Vanquished Creatures
  The ghost of Yermak the Cutter, an average DgAs (D:3)
  3 adders (D:2)
  2 giant mites (D:3)
  6 worms
  4 giant geckos
  3 orcs (D:3)
  3 giant cockroaches
  2 hobgoblins (D:1)
  4 jackals (D:3)
  A quokka (D:2)
  10 bats
  4 giant newts
  4 goblins
  3 kobolds (D:2)
  4 rats
54 creatures vanquished.

Notes
Turn   | Place    | Note
--------------------------------------------------------------
     0 | D:1      | vatarom, the Demonspawn Chaos Knight, began the quest for the Orb.
     0 | D:1      | Reached XP level 1. HP: 18/18 MP: 1/1
   344 | D:1      | Gained mutation: You are partially covered in yellow scales (AC +2). [demonic ancestry]
   344 | D:1      | Reached XP level 2. HP: 18/24 MP: 2/2
   437 | D:1      | XOM: divination: detect creatures
   482 | D:1      | XOM: divination: detect creatures
   490 | D:1      | XOM: colour smoke trail
   578 | D:1      | XOM: mild Summ miscast
   579 | D:1      | Noticed a spatial vortex
   633 | D:2      | Reached skill level 1 in Dodging
   739 | D:2      | Reached XP level 3. HP: 27/30 MP: 3/3
   852 | D:2      | Reached skill level 4 in Fighting
   995 | D:2      | XOM: smoke on damage
  1165 | D:2      | XOM: 2-stop teleportation journey
  1246 | D:2      | XOM: harmless Summ miscast
  1320 | D:2      | Reached XP level 4. HP: 38/38 MP: 4/4
  1625 | D:3      | XOM: colour smoke trail
  1634 | D:3      | XOM: 7-stop teleportation journey
  1669 | D:3      | XOM: fake destruction
  1741 | D:3      | Noticed Yermak's ghost (average DgAs)
  1742 | D:3      | XOM: chaos cloud
  1743 | D:3      | XOM: summons friendly shadow imp
  1756 | D:3      | Killed Yermak's ghost
  1756 | D:3      | Reached skill level 5 in Fighting
  1756 | D:3      | Gained mutation: You have a pair of small antennae on your head. [demonic ancestry]
  1756 | D:3      | Reached XP level 5. HP: 16/45 MP: 5/5
  2548 | D:4      | Noticed an ogre
  2566 | D:4      | Mangled by an ogre

Action                   |  1- 3 |  4- 6 || total
-------------------------+-------+-------++-------
Melee: Mace              |   119 |    61 ||   180
  Use: Scroll            |     5 |     3 ||     8
       Potion            |     4 |     3 ||     7
 Stab: Sleeping          |     1 |       ||     1
       Petrifying        |       |     1 ||     1
  Eat: Bread ration      |     1 |     1 ||     2
